 Dungeon Crawl Stone Soup version 0.27.1-33-g824d729ab1 (webtiles) character file.

Game seed: 12957915239815970726

502 comborobin the Skirmisher (level 7, -3/54 HPs)
             Began as an Octopode Brigand on Dec 29, 2021.
             Slain by Pikel (4 damage)
             ... on level 4 of the Dungeon.
             The game lasted 00:03:43 (3542 turns).

comborobin the Skirmisher (Octopode Brigand)        Turns: 3542, Time: 00:03:44

Health: -3/54      AC: 12    Str: 11    XL:     7   Next: 17%
Magic:  7/7        EV: 18    Int: 15    God:
Gold:   194        SH:  0    Dex: 13    Spells: 6/6 levels left

rFire    . . .     SeeInvis .   (weapon currently unavailable)
rCold    . . .     Faith    .   (shield currently unavailable)
rNeg     + + +     Spirit   .   (helmet currently unavailable)
rPois    +         Reflect  .   (no amulet)
rElec    .         Harm     .   (no ring)
rCorr    .         Rampage  .   (no ring)
Will     .....                  (no ring)
Stlth    +++.......             (no ring)
HPRegen  0.18/turn              (no ring)
MPRegen  0.10/turn              (no ring)
                                (no ring)
                                (no ring)

@: fungus-form
A: melee confuse, terrified, no casting, almost no armour, (amphibious), 8
rings, tiny, (camouflage 1), (gelatinous body 1), (nimble swimmer 1),
(tentacles)
a: no special abilities


You were on level 4 of the Dungeon.
You were a sentient fungus.
You visited 1 branch of the dungeon, and saw 4 of its levels.

You collected 194 gold pieces.

Inventory:

Hand Weapons
 a - a +1 dagger of venom (melded)
 c - a +1 spear of venom
 e - a +2 dagger
 o - a +2 whip of venom
Missiles
 b - 8 poisoned darts (quivered)
 p - a curare-tipped dart
Wands
 n - a wand of polymorph (1)
Scrolls
 d - a scroll of enchant armour {unknown}
 f - a scroll of magic mapping {unknown}
 g - 2 scrolls of identify {unknown}
 h - a scroll of blinking {unknown}
 j - 3 scrolls of fog {unknown}
 k - a scroll of brand weapon {unknown}
 l - 2 scrolls of enchant weapon {unknown}
 m - a scroll of holy word {unknown}
Potions
 i - 3 potions of degeneration {unknown}
 q - a potion of attraction {unknown}
 r - a potion of curing


   Skills:
 + Level 7.3 Fighting
 - Level 2.8 Short Blades
 - Level 2.0 Throwing
 - Level 1.0 Dodging
 - Level 5.3 Stealth


You had 6 spell levels left.
You didn't know any spells.
Your spell library contained the following spells:

 Spells                   Type           Power      Damage    Failure   Level
 Gell's Gravitas          Tloc           0%         N/A       63%         3
 Teleport Other           Tloc           0%         N/A       63%         3
 Dispersal                Tloc           0%         N/A       100%        6


Dungeon Overview and Level Annotations

Branches:
Dungeon (4/15)
 Temple: D:4-7

Altars:
Yredelemnul

Shops:
D:3 !

Annotations:
D:4 Pikel


Innate Abilities, Weirdness & Mutations

You are a sentient fungus.
You are tiny and evasive.
Your melee attack releases spores that confuse breathing creatures.
You become terrified and freeze when enemies are visible.
Your armour is entirely melded.
You are incapable of wielding weapons or throwing items.
You cannot cast spells.
You cannot wear most types of armour.
((You are amphibious.))
You can wear up to eight rings at the same time.
((Your skin changes colour to match your surroundings (Stealth+).))
((Your rubbery body absorbs attacks. (AC +1, EV +1)))
((You are camouflaged near water. (Stealth+)))
((You have tentacles for arms and can constrict up to eight enemies at once.))


Message History

Pikel hits you with a +1 whip of flaming!
Pikel burns you.
There is an open door, spattered with blood here.
There are monsters nearby!
You completely miss Pikel. Your grab misses Pikel.
An adder comes into view.
The lemure barely misses you. Pikel misses you.
There are monsters nearby!
You closely miss Pikel.
The adder hisses angrily.
Your grab misses Pikel. The lemure hits you.
The lemure hits you but does no damage. Pikel closely misses you.
You closely miss Pikel. You grab Pikel. You constrict Pikel, but do no damage.
There are monsters nearby!
You release your grip on Pikel.
Pikel drinks a potion.
Pikel seems to grow stronger.
The lemure hits you!
Okay, then.
Press: ? - help, v - describe, . - travel
Here: Pikel, wielding a +1 whip of flaming and wearing a +0 robe (strong)
The floor.
There is a stone staircase leading up here.
Aiming: Polymorph
Press: ? - help, Shift-Dir - straight line Nothing appears to happen.
Aiming: Polymorph
Press: ? - help, Shift-Dir - straight line, f - you That beam is likely to hit you.
Continue anyway?
You turn into a sentient fungus.
Your +1 dagger of venom melds into your body.
Your +1 dagger of venom stops dripping with poison.
Unknown command.
Unknown command.
You release spores at Pikel but do no damage.
Pikel hits you with a +1 whip of flaming!
Pikel burns you.
You barely miss Pikel.
Pikel hits you with a +1 whip of flaming!
* * * LOW HITPOINT WARNING * * *
Pikel burns you.
You die...

###
################.#
#................#
#.############....
#.# #.#.# #.#
#.#.# #.# #.#.#
#f# #.#.# #K#
#.#.# #### #S#
#.#.# ...# #5#
#.#.# ...# #5#
#.#.# ...# #.#
...## #5# ....#
#'# ....#
#.........#


You could see Pikel (strong), 3 lemures and an adder.

Vanquished Creatures
  A water moccasin (D:4)
  A black bear (D:4)
  A gnoll shaman (D:4)
  3 orc wizards (D:3)
  A scorpion zombie (D:4)
  4 gnolls (D:4)
  5 adders
  A worm (D:2)
  2 dart slugs
  8 orcs
  9 endoplasms
  3 giant cockroaches
  9 hobgoblins
  4 jackals (D:2)
  7 kobolds
  4 quokkas
  5 ball pythons
  5 bats
  4 frilled lizards
  9 goblins
  5 rats
91 creatures vanquished.

Notes
Turn   | Place    | Note
-------+----------+-------------------------------------------
     0 | D:1      | comborobin the Octopode Brigand began the quest for the
                  | Orb.
     0 | D:1      | Reached XP level 1. HP: 14/14 MP: 1/1
   299 | D:1      | Reached XP level 2. HP: 9/19 MP: 2/2
   732 | D:1      | Reached XP level 3. HP: 25/25 MP: 3/3
   854 | D:1      | Found a faded altar of an unknown god.
   922 | D:2      | Reached skill level 3 in Fighting
  1135 | D:2      | Found a basalt altar of Yredelemnul.
  1181 | D:2      | Reached XP level 4. HP: 25/32 MP: 4/4
  1623 | D:2      | Reached skill level 4 in Fighting
  1895 | D:3      | Reached XP level 5. HP: 23/38 MP: 5/5
  2178 | D:3      | Reached skill level 5 in Fighting
  2188 | D:3      | Found Withel's Distillery.
  2698 | D:4      | Noticed a black bear
  2701 | D:4      | Noticed a water moccasin
  2704 | D:4      | Killed a black bear
  2705 | D:4      | Reached skill level 6 in Fighting
  2705 | D:4      | Reached XP level 6. HP: 42/46 MP: 6/6
  2713 | D:4      | Killed a water moccasin
  3092 | D:4      | Reached skill level 7 in Fighting
  3092 | D:4      | Reached XP level 7. HP: 37/54 MP: 7/7
  3527 | D:4      | Noticed Pikel
  3542 | D:4      | HP: 1/54 [Pikel (17)]
  3542 | D:4      | Slain by Pikel

Illustrated notes

Levels and vault maps discovered:
D:1:      tarquinn_simple_flora_water_d, layout_basic,
          chequers_ecumenical_altar_grove, minmay_misc_feat_chi,
          minmay_misc_feat_pillars
D:2:      layout_loops_ring, basic_altar
D:3:      layout_rooms, serial_shops, nicolae_shop_trees
D:4:      layout_basic, hangedman_decor_points, minmay_manual_mandibuliform,
          uniq_pikel

Skill      XL: |  1  2  3  4  5  6 |
---------------+-------------------+-----
Fighting       | 3 4 6 7 |  7.3
Short Blades   | |  2.8
Throwing       | |  2.0
Dodging        | |  1.0
Stealth        | |  5.3

Action                   |  1- 3 |  4- 6 |  7- 9 || total
-------------------------+-------+-------+-------++-------
Melee: Dagger            |    67 |    98 |    22 ||   187
       Constrict         |    17 |    13 |     6 ||    36
       Tentacles         |    12 |    11 |     4 ||    27
       Unarmed           |       |     9 |     2 ||    11
Throw: Dart              |       |       |     4 ||     4
Evoke: Wand              |       |     1 |     2 ||     3
  Use: Potion            |     2 |     2 |       ||     4
 Stab: Sleeping          |    13 |    15 |       ||    28
Armor: Skin              |     7 |    66 |     1 ||    74
Dodge: Dodged            |    39 |    29 |     8 ||    76
